 Dungeon Crawl Stone Soup version 0.32-a0-699-g1ee5eff69a (webtiles) character file.

Game seed: 13012508531286172690

35 Griffin23 the Trooper (level 3, -1/34 HPs)
             Began as a Minotaur Chaos Knight on Mar 14, 2024.
             Was a Plaything of Xom.
             Slain by a hobgoblin (3 damage)
             ... led by Robin
             ... on level 2 of the Dungeon.
             The game lasted 00:00:44 (724 turns).

Griffin23 the Trooper (Minotaur Chaos Knight)        Turns: 724, Time: 00:00:45

Health: -1/34      AC:  5    Str: 18    XL:     3   Next: 16%
Magic:  2/2        EV: 10    Int:  9    God:    Xom [..*...]
Gold:   82         SH:  0    Dex:  9    Spells: 2/2 levels left

rFire   . . .        a - +0 falchion (chaos)
rCold   . . .        (no shield)
rNeg    . . .        b - +2 leather armour
rPois   .            (helmet restricted)
rElec   .            (no cloak)
rCorr   .            (no gloves)
SInv    .            (no boots)
Will    .....        (no amulet)
Stlth   +            (no ring)
HPRegen 0.25/turn    (no ring)
MPRegen 0.08/turn

%: no passive effects
@: no status effects
A: horns 2, retaliatory headbutt
a: Renounce Religion


You were on level 2 of the Dungeon.
You worshipped Xom.
You were a toy of Xom.
You visited 1 branch of the dungeon, and saw 2 of its levels.

You collected 82 gold pieces.

Inventory:

Hand Weapons
 a - a +0 falchion of chaos (weapon)
Armour
 b - a +2 leather armour (worn)
Scrolls
 c - a scroll of butterflies
 d - a scroll of fog {unknown}
 f - a scroll of vulnerability {unknown}
 g - 2 scrolls of fear {unknown}
 i - a scroll of enchant armour {unknown}
 j - a scroll of identify {unknown}
 l - a scroll of poison {unknown}
 m - a scroll of teleportation {unknown}
Potions
 e - a potion of brilliance {unknown}
 h - a potion of curing {unknown}
 k - a potion of might {unknown}


   Skills:
 + Level 4.4 Fighting
 + Level 4.3 Long Blades
 + Level 2.6 Armour
 + Level 1.3 Dodging


You had 2 spell levels left.
You didn't know any spells.
Your spell library contained the following spells:

 Spells                   Type           Power      Damage    Failure   Level
 Apportation              Tloc           0%         N/A       43%         1
 Jinxbite                 Hex            0%         N/A       58%         2
 Scorch                   Fire           0%         2d5       58%         2
 Sublimation of Blood     Necr           0%         N/A       58%         2
 Flame Wave               Conj/Fire      0%         2d4       99%         4
 Petrify                  Alch/Erth      0%         N/A       99%         4
 Alistair's Intoxication  Alch           0%         N/A       100%        5
 Irradiate                Conj/Alch      0%         3d11      100%        5
 Summon Cactus Giant      Summ           0%         N/A       100%        6


Dungeon Overview and Level Annotations

Branches:
Dungeon (2/15)

Altars:

Annotations:
D:2 Robin


Innate Abilities, Weirdness & Mutations

You have a pair of horns on your head.
You reflexively headbutt those who attack you in melee.


Message History

There are monsters nearby!
You completely miss Robin.
Robin is moderately wounded.
Robin roars a battlecry!
The hobgoblin goes into a battle-frenzy!
The hobgoblin barely misses you. The hobgoblin hits you.
There are monsters nearby!
There are monsters nearby!
You are too injured to fight recklessly!
There are monsters nearby!
You are too injured to fight recklessly!
There are monsters nearby!
You are too injured to fight recklessly!
There are monsters nearby!
You are too injured to fight recklessly!
There are monsters nearby!
Unknown command.
You closely miss Robin. You headbutt Robin!
Robin is severely wounded.
The hobgoblin no longer looks unusually strong.
The hobgoblin closely misses you.
The hobgoblin hits you but does no damage.
The hobgoblin hits you. Robin hits you with a +0 club.
* * * LOW HITPOINT WARNING * * *
You hit Robin.
Robin is almost dead.
The hobgoblin no longer looks unusually strong.
The hobgoblin barely misses you. You furiously retaliate!
You headbutt the hobgoblin. The hobgoblin completely misses you.
The hobgoblin hits you.
* * * LOW HITPOINT WARNING * * *
Robin roars a battlecry!
The hobgoblins go into a battle-frenzy!
You barely miss Robin.
Robin is almost dead.
Robin says, "Bow before me, strongest of all the hobgoblins!"
Robin hits you with a +0 club.
* * * LOW HITPOINT WARNING * * *
The hobgoblin barely misses you. The hobgoblin hits you.
You die...

#..# #..# .# #..# .(.
.#.# #†## #..# .#.# #..#
...# .#.## ####.## ##..#
....# ......###...##
##...####
##.....#.....###gg!.....
#.....#......#)@g#.#
#.#..###....###g...#
#.#...#....†.#.....#
#................#.#
#.......#####....#.#
######### ####...# ##.<.
###


You could see Robin and 3 hobgoblins.

Vanquished Creatures
  2 ribbon worms (D:2)
  4 ball pythons
  2 endoplasms (D:1)
  A giant cockroach (D:2)
  4 hobgoblins
  2 jackals (D:2)
  2 quokkas (D:1)
  6 goblins
  A kobold (D:2)
  A rat (D:1)
25 creatures vanquished.

Notes
Turn   | Place    | Note
-------+----------+-------------------------------------------
     0 | D:1      | Griffin23 the Minotaur Chaos Knight began the quest for the
                  | Orb.
     0 | D:1      | Reached XP level 1. HP: 19/19 MP: 0/0
     9 | D:1      | XOM: divination: detect creatures
   113 | D:1      | XOM: silly message
   135 | D:1      | XOM: silly message
   139 | D:1      | Reached XP level 2. HP: 27/27 MP: 1/1
   578 | D:2      | XOM: silly message
   708 | D:2      | Noticed Robin
   713 | D:2      | Reached XP level 3. HP: 33/34 MP: 2/2
   724 | D:2      | Slain by a hobgoblin

Illustrated notes

Levels and vault maps discovered:
D:1:      amcnicky_arrival_choice, layout_rooms, supply_closet_lemuel
D:2:      layout_basic, grunt_ministairs_7, nicolae_half_adder, uniq_robin

Skill      XL: |  1  2 |
---------------+-------+-----
Long Blades    | 4 |  4.3
Fighting       | 4 |  4.4
Armour         | |  2.6
Dodging        | |  1.3

Action                     || total
---------------------------++-------
  Melee: Falchion          ||    53
         Headbutt          ||     6
 Armour: Leather armour    ||    41
  Dodge: Dodged            ||    34

Table legend: (Time is in decaauts)
 A = Elapsed time spent in this place.
 B = Non-inter-level travel time spent in this place.
 C = Inter-level travel time spent in this place.
 D = Time resting spent in this place.
 E = Time spent auto-exploring this place.
 F = Levels seen in this place.
 G = Mean time per level.
                   A        B        C        D        E       F      G
               +--------+--------+--------+--------+--------+-----+--------+
         Total |    728 |    705 |     23 |      0 |    560 |   2 |  364.0 |
       Dungeon |    728 |    705 |     23 |      0 |    560 |   2 |  364.0 |
               +--------+--------+--------+--------+--------+-----+--------+

Top non-repeatable levels by time:
     D:2: 366 daAuts
     D:1: 362 daAuts
